[ AOE2 MATCH · #480345545 ]
Team RMTeutons vs Spanish
[ REPLAY ANALYSIS · EXTRACTED FROM THE RECORDED GAME ]
Feudal
—
Castle
—
Imperial
—
| APM avg | 43.3 |
| APM peak | 69 |
| eAPM avg | 12.9 |
| Villagers / military | 12 / 0 |
Focus
⚔️ 1.8% · 🌾 98.2%
Feudal
—
Castle
—
Imperial
—
| APM avg | 31.9 |
| APM peak | 57 |
| eAPM avg | 8.9 |
| Villagers / military | 21 / 0 |
Focus
⚔️ 2.3% · 🌾 97.7%
Feudal
—
Castle
—
Imperial
—
| APM avg | 19.6 |
| APM peak | 32 |
| eAPM avg | 8.3 |
| Villagers / military | 13 / 0 |
Focus
⚔️ 4.0% · 🌾 96.0%
Feudal
—
Castle
—
Imperial
—
| APM avg | 18.3 |
| APM peak | 28 |
| eAPM avg | 6.4 |
| Villagers / military | 14 / 0 |
Focus
⚔️ 0.0% · 🌾 100.0%
Feudal
—
Castle
—
Imperial
—
| APM avg | 11.5 |
| APM peak | 22 |
| eAPM avg | 6.4 |
| Villagers / military | 18 / 0 |
Focus
⚔️ 5.3% · 🌾 94.7%
Feudal
—
Castle
—
Imperial
—
| APM avg | 48.8 |
| APM peak | 73 |
| eAPM avg | 12.1 |
| Villagers / military | 16 / 0 |
Focus
⚔️ 9.5% · 🌾 90.5%
Match map
Resources at game start + every placement click. Thick line = wall · dashed box = detected house wall. 🟡 gold · ⚪ stone · 🟢 berries · 🔶 boar · ⭕ relic
Inputs per minute
— Twixxo - - denveurs61
Build order — Twixxo
17 actions detected in the replay
| 0:02 | Create | Villager (Male) |
| 0:13 | Build | House |
| 0:22 | Build | House |
| 0:33 | Create | Villager (Male) |
| 0:53 | Create | Villager (Male) |
| 1:03 | Create | Villager (Male) |
| 1:09 | Research | Loom |
| 1:42 | Create | Villager (Male) |
| 2:03 | Create | Villager (Male) |
| 2:25 | Build | House |
| 2:31 | Create | Villager (Male) |
| 3:13 | Create | Villager (Male) |
| 3:23 | Create | Villager (Male) |
| 3:35 | Create | Villager (Male) |
| 4:12 | Create | Villager (Male) |
| 5:36 | Build | Barracks |
| 5:43 | Create | Villager (Male) |
Build order — denveurs61
27 actions detected in the replay
| 0:04 | Build | House |
| 0:07 | Build | House |
| 0:09 | Create | Villager (Male) |
| 0:10 | Create | Villager (Male) |
| 0:10 | Create | Villager (Male) |
| 0:10 | Create | Villager (Male) |
| 1:45 | Create | Villager (Male) |
| 1:57 | Build | Lumber Camp |
| 2:07 | Create | Villager (Male) |
| 2:26 | Create | Villager (Male) |
| 2:27 | Create | Villager (Male) |
| 3:06 | Create | Villager (Male) |
| 3:25 | Create | Villager (Male) |
| 3:38 | Build | Mill |
| 3:42 | Create | Villager (Male) |
| 3:55 | Create | Villager (Male) |
| 4:04 | Research | Loom |
| 4:06 | Create | Villager (Male) |
| 4:26 | Build | House |
| 4:32 | Create | Villager (Male) |
| 5:18 | Create | Villager (Male) |
| 5:19 | Create | Villager (Male) |
| 5:19 | Create | Villager (Male) |
| 5:31 | Create | Villager (Male) |
| 6:20 | Create | Villager (Male) |
| 6:20 | Create | Villager (Male) |
| 6:20 | Create | Villager (Male) |
Build order — elsack19
16 actions detected in the replay
| 0:04 | Research | Loom |
| 0:05 | Create | Villager (Male) ×4 |
| 0:13 | Build | House |
| 0:14 | Build | House |
| 0:15 | Build | House |
| 1:57 | Create | Villager (Male) |
| 2:54 | Create | Villager (Male) |
| 3:10 | Create | Villager (Male) |
| 3:40 | Create | Villager (Male) |
| 3:53 | Build | Lumber Camp |
| 4:55 | Build | Palisade Wall |
| 5:49 | Create | Villager (Male) |
| 5:50 | Create | Villager (Male) |
| 5:50 | Create | Villager (Male) |
| 5:50 | Create | Villager (Male) |
| 6:27 | Create | Villager (Male) |
Build order — C2E7W
20 actions detected in the replay
| 0:05 | Build | House |
| 0:07 | Build | House |
| 0:08 | Create | Villager (Male) |
| 0:09 | Create | Villager (Male) |
| 0:09 | Create | Villager (Male) |
| 0:35 | Create | Villager (Male) |
| 1:50 | Create | Villager (Male) |
| 2:11 | Create | Villager (Male) |
| 2:29 | Create | Villager (Male) |
| 3:04 | Create | Villager (Male) |
| 3:13 | Create | Villager (Male) |
| 3:25 | Build | House |
| 3:27 | Build | House |
| 3:31 | Build | House |
| 4:13 | Create | Villager (Male) |
| 4:35 | Create | Villager (Male) |
| 4:51 | Build | Lumber Camp |
| 5:00 | Create | Villager (Male) |
| 5:35 | Create | Villager (Male) |
| 5:44 | Create | Villager (Male) |
Build order — drtySASQUATCH69
21 actions detected in the replay
| 0:04 | Build | House |
| 0:07 | Research | Loom |
| 0:08 | Create | Villager (Male) |
| 0:12 | Create | Villager (Male) ×3 |
| 0:13 | Create | Villager (Male) |
| 0:14 | Research | Loom |
| 0:42 | Build | House |
| 0:44 | Build | House |
| 1:48 | Create | Villager (Male) |
| 2:27 | Create | Villager (Male) |
| 2:51 | Create | Villager (Male) |
| 3:24 | Create | Villager (Male) |
| 3:24 | Create | Villager (Male) |
| 3:45 | Create | Villager (Male) |
| 4:22 | Create | Villager (Male) |
| 4:22 | Create | Villager (Male) |
| 5:01 | Create | Villager (Male) |
| 5:01 | Create | Villager (Male) |
| 5:01 | Create | Villager (Male) |
| 5:24 | Create | Villager (Male) |
| 5:24 | Create | Villager (Male) |
Build order — GorgonTheGreat
25 actions detected in the replay
| 0:01 | Create | Villager (Male) |
| 0:01 | Create | Villager (Male) |
| 0:01 | Create | Villager (Male) |
| 0:02 | Build | House |
| 0:04 | Build | House |
| 0:10 | Create | Villager (Male) |
| 0:10 | Create | Villager (Male) |
| 1:27 | Create | Villager (Male) |
| 2:00 | Create | Villager (Male) |
| 2:12 | Build | Lumber Camp |
| 2:19 | Create | Villager (Male) |
| 2:45 | Create | Villager (Male) |
| 2:51 | Research | Loom |
| 2:52 | Create | Villager (Male) |
| 3:29 | Build | House |
| 3:33 | Create | Villager (Male) |
| 4:21 | Create | Villager (Male) |
| 4:35 | Build | Building 800 |
| 5:03 | Create | Villager (Male) |
| 5:03 | Create | Villager (Male) |
| 5:37 | Build | Palisade Wall |
| 5:59 | Create | Villager (Male) |
| 6:23 | Build | Palisade Wall |
| 6:23 | Build | Palisade Wall |
| 6:28 | Create | Villager (Male) |
Match timeline
| 4:55 | elsack19 · wall_segment Palisade Wall x7 |
| 5:36 | Twixxo · first_building Barracks |
| 5:37 | GorgonTheGreat · wall_segment Palisade Wall x1 |
| 5:56 | drtySASQUATCH69 · resign |
| 6:23 | GorgonTheGreat · wall_segment Palisade Wall x6 |
| 6:23 | GorgonTheGreat · wall_segment Palisade Wall x1 |
[ AI ANALYSIS · 1 CREDIT ]
What really happened in this match?
Wolo.gg analyzes every decision: build order, eco, micro, common mistakes by bracket. Personalized analysis on WhatsApp or Discord in 30 seconds.
Civ guide
Teutons
Map guide
Amazon Tunnel
Perfil
Twixxo